 Dungeon Crawl Stone Soup version 0.26-a0-84-g8c18429211 (webtiles) character file.

Game seed: 11918076161232635821

23486 MarredHen the Basher (level 13, 0/92 HPs)
             Began as a Gnoll Chaos Knight on June 18, 2020.
             Was a Plaything of Xom.
             Slain by an ettin
             ... wielding a +0 dire flail
              (26 damage)
             ... on level 1 of the Orcish Mines.
             The game lasted 00:36:41 (14798 turns).

MarredHen the Basher (Gnoll Chaos Knight)          Turns: 14798, Time: 00:36:41

Health: 0/92       AC: 22    Str: 27    XL:     13   Next: 7%
Magic:  24/24      EV: 16    Int: 24    God:    Xom [...*..]
Gold:   360        SH: 19    Dex: 21    Spells: 27/27 levels left

rFire    . . .     SeeInvis .   V - +8 long sword of Neelu {flame, Int+4}
rCold    x . .     Gourm    .   G - +2 kite shield
rNeg     . . .     Faith    .   M - +3 swamp dragon scales
rPois    +         Spirit   .   R - +2 helmet
rElec    .         Reflect  +   e - +0 cloak
rCorr    .         Harm     .   O - +0 pair of gloves
MR       +....     Clarity  +   d - +0 pair of boots of Gluttony {Slay+3} (curse)
Stlth    +++.......             N - amulet of reflection
HPRegen  0.25/turn              m - +6 ring of dexterity
MPRegen  0.19/turn              b - ring of Elitism {rC- Str+7 Int+6 Slay+3}

@: very slightly contaminated, invisible
A: distributed training, fangs 1, yellow scales 1, clarity, frail 1, magic
resistance 1, screaming 1, strong nose
a: Renounce Religion


You were on level 1 of the Orcish Mines.
You worshipped Xom.
You were a favourite toy of Xom.
You were not hungry.

You visited 2 branches of the dungeon, and saw 14 of its levels.

You collected 1140 gold pieces.
You spent 780 gold pieces at shops.

Inventory:

Hand Weapons
 a - a +1 mace of chaos
 w - a +2 rapier of venom
 P - a +4 mace
 V - the +8 long sword of Neelu (weapon) {flame, Int+4}
   (You bought it in a shop on level 13 of the Dungeon)

   It has been specially enchanted to burn those struck by it, causing extra
   injury to most foes and up to half again as much damage against particularly
   susceptible opponents.
   Big, fiery blades are also staple armaments of hydra-hunters.
   It affects your intelligence (+4).
Armour
 d - the cursed +0 pair of boots of Gluttony (worn) {Slay+3}
   (You bought it in a shop on level 9 of the Dungeon)

   It affects your accuracy and damage with ranged weapons and melee attacks
   (+3).
   It has a curse placed upon it.
 e - a +0 cloak (worn)
 G - a +2 kite shield (worn)
 M - +3 swamp dragon scales (worn)
 O - a +0 pair of gloves (worn)
 R - a +2 helmet (worn)
Magical Staves
 J - an uncursed staff of wizardry
Jewellery
 b - the ring of Elitism (right hand) {rC- Str+7 Int+6 Slay+3}
   (Xom gifted it to you on level 7 of the Dungeon)

   [ring of intelligence]

   It affects your strength (+7).
   It affects your intelligence (+6).
   It affects your accuracy and damage with ranged weapons and melee attacks
   (+3).
   It makes you vulnerable to cold.
 m - a +6 ring of dexterity (left hand)
 B - an uncursed amulet of faith
 H - an uncursed ring of see invisible
 K - an uncursed ring of fire
 N - an amulet of reflection (around neck)
Wands
 n - a wand of polymorph (28)
 t - a wand of paralysis (6)
 A - a wand of iceblast (15)
 C - a wand of acid (8)
 D - a wand of enslavement (10)
 I - a wand of digging (7)
 S - a wand of clouds (8)
 U - a wand of flame (23)
Scrolls
 j - 4 scrolls of teleportation
 o - 3 scrolls of enchant armour
 u - 2 scrolls of magic mapping
 v - 3 scrolls of amnesia
 y - 4 scrolls of remove curse
 E - 5 scrolls of blinking
 F - 5 scrolls of enchant weapon
 T - a scroll of brand weapon
Potions
 f - 2 potions of ambrosia
 g - a potion of berserk rage
 h - 3 potions of brilliance
 i - a potion of haste
 k - a potion of flight
 l - a potion of experience {unknown}
 p - 3 potions of might
 q - a potion of resistance
 r - 3 potions of curing
 z - 2 potions of magic
 L - 2 potions of mutation
Miscellaneous
 Q - a tin of tremorstones (3/3)
Comestibles
 c - 16 rations


   Skills:
 + Level 10.1 Fighting
 + Level 7.8 Short Blades
 + Level 7.8 Long Blades
 + Level 7.8 Axes
 + Level 10.1 Maces & Flails
 + Level 7.8 Polearms
 + Level 7.8 Staves
 + Level 7.8 Slings
 + Level 7.8 Bows
 + Level 7.8 Crossbows
 + Level 7.8 Throwing
 + Level 9.1 Armour
 + Level 8.2 Dodging
 + Level 7.8 Stealth
 + Level 7.8 Shields
 + Level 7.8 Unarmed Combat
 + Level 7.8 Spellcasting
 + Level 6.4 Conjurations
 + Level 6.4 Hexes
 + Level 6.4 Charms
 + Level 6.4 Summonings
 + Level 6.4 Necromancy
 + Level 6.4 Translocations
 + Level 6.4 Transmutations
 + Level 6.4 Fire Magic
 + Level 6.4 Ice Magic
 + Level 6.4 Air Magic
 + Level 6.4 Earth Magic
 + Level 6.4 Poison Magic
 + Level 8.5 Invocations
 + Level 7.8 Evocations


You had 27 spell levels left.
You didn't know any spells.
Your spell library contained the following spells:

 Spells                   Type           Power        Failure   Level  Hunger
 Animate Skeleton         Necr           N/A          1%          1    None
 Apportation              Tloc           #####.       1%          1    None
 Beastly Appendage        Tmut           #####.       1%          1    None
 Corona                   Hex            #####..      1%          1    None
 Pain                     Necr           ####         1%          1    None
 Summon Small Mammal      Summ           ####         1%          1    None
 Sticks to Snakes         Tmut           #####...     2%          2    None
 Spider Form              Tmut/Pois      #####.....   4%          3    None
 Vampiric Draining        Necr           #####.....   4%          3    None
 Animate Dead             Necr           N/A          16%         4    ###....
 Ice Form                 Ice/Tmut       #####...     16%         4    ###....
 Agony                    Necr           #####...     41%         5    #####..
 Blade Hands              Tmut           #####.....   41%         5    #####..


Dungeon Overview and Level Annotations

Branches:
Dungeon (13/15)            Temple (0/1) D:7            Lair (0/6) D:10
    Orc (1/2) D:9          Vaults (0/5) D:13

Altars:
Nemelex Xobeh
Ru
Xom
Jiyva

Shops:
D:4 ?   D:8 *   D:9 [[   D:13 *:(   Orc:1 %

Annotations:
D:12 1 runed translucent door, Bapho's ghost, journeyman DrBe


Innate Abilities, Weirdness & Mutations

Your experience applies equally to all skills.
You have very sharp teeth.
Your uncanny sense of smell can sniff out nearby items.
You are partially covered in yellow scales. (AC +2)
You possess an exceptional clarity of mind.
You are frail. (-10% HP)
You are resistant to hostile enchantments. (MR+)
You occasionally shout uncontrollably at your foes.


Message History

You hit the ettin. You burn the ettin.
The ettin is lightly wounded.
You block the orc's attack. You block the ettin's attack.
The ettin hits you with a +0 dire flail!!!
The orc closely misses you.
You riposte.
You slash the orc! You burn the orc.
You kill the orc!
You barely miss the ettin. You bite the ettin.
The ettin is lightly wounded.
You block the orc's attack. The ettin barely misses you.
You riposte.
You slash the ettin! You burn the ettin. You bite the ettin.
The ettin is heavily wounded.
The ettin hits you with a +0 dire flail!!
* * * LOW HITPOINT WARNING * * *
You fade into invisibility!
You block the orc's attack. x2
You are very lightly contaminated with residual magic.
You slash the ettin! You burn the ettin.
The ettin is severely wounded.
The ettin hits you with a +0 dire flail!!
You die...

.....## .. $.....###
... ........#
...#####......#
......#.......#
......#)......
#.>...Coo.#
#.....)@o##
#.........#
###......##
###.......###
#.##........##
##.....#......##
#.....###......# ##
#....# #.......##
#.##.∩.#####.......#


You could see an ettin and 3 orcs.

Vanquished Creatures
  3 two-headed ogres
  The ghost of duje the Covert, a novice MfGl of Nemelex Xobeh (D:7)
  Nergalle (Orc:1)
  A fire crab (shapeshifter) (D:13)
  An unseen horror (D:10)
  3 skeletal warriors
  A lindwurm (D:13)
  2 ugly things
  An orc sorcerer (Orc:1)
  4 cyclopes
  2 gargoyles
  2 centaur skeletons
  A komodo dragon (D:13)
  4 trolls
  A hornet (D:10)
  5 hippogriffs
  A slime creature (D:13)
  A vampire (D:10)
  3 wyverns
  4 yaks (D:13)
  3 wraiths (D:13)
  3 hungry ghosts
  Grum (D:8)
  A water moccasin (D:11)
  A floating eye (shapeshifter) (D:7)
  4 sky beasts
  6 ice beasts
  8 orc warriors
  8 ogres
  4 wolves (D:8)
  A necrophage (D:5)
  8 centaurs
  A crocodile (D:11)
  4 big kobolds
  9 bullfrogs
  A wyvern zombie (D:13)
  5 scorpions
  10 wights
  5 howler monkeys
  6 crimson imps
  3 centaur zombies
  7 jellies
  5 bullfrog zombies
  10 orc priests
  2 hounds (D:9)
  11 orc wizards
  Crazy Yiuf (D:2)
  A bullfrog skeleton (D:9)
  3 iguanas
  Jessica (D:2)
  10 worker ants
  A killer bee zombie (D:10)
  A hound zombie (D:5)
  A howler monkey zombie (D:10)
  A worker ant zombie (D:8)
  Robin (D:3)
  A gnoll (D:1)
  13 adders
  4 shadow imps
  An ooze (D:3)
  2 adder zombies
  An adder skeleton (D:9)
  3 worms
  4 dart slugs
  5 leopard geckos
  42 orcs
  A ball python (D:2)
  5 giant cockroaches
  14 goblins
  10 hobgoblins
  9 jackals
  10 quokkas
  17 bats
  4 frilled lizards
  17 kobolds
  A leopard gecko skeleton (D:8)
  5 rats
359 creatures vanquished.

Vanquished Creatures (collateral kills)
  A skeletal warrior (D:12)
  Maggie (D:7)
  2 phantoms
  A bullfrog (D:6)
  2 wights (D:10)
  3 orcs (D:6)
  2 goblins (D:3)
  A hobgoblin (D:3)
  5 kobolds (D:11)
18 creatures vanquished.

Vanquished Creatures (others)
  A steam dragon (D:13)
  A bullfrog (D:6)
  A jelly (D:13)
  A fungus (D:12)
  5 plants
9 creatures vanquished.

Grand Total: 386 creatures vanquished

Notes
Turn   | Place    | Note
-------+----------+-------------------------------------------
     0 | D:1      | MarredHen the Gnoll Chaos Knight began the quest for the
                  | Orb.
     0 | D:1      | Reached XP level 1. HP: 23/23 MP: 1/1
   212 | D:1      | Reached XP level 2. HP: 17/29 MP: 2/2
   272 | D:1      | XOM is BORED!
   272 | D:1      | XOM: silly message
   340 | D:1      | XOM: cloud trail
   596 | D:1      | XOM: fog
   600 | D:1      | Reached XP level 3. HP: 35/35 MP: 3/3
  1299 | D:1      | XOM: divination: detect items
  1333 | D:1      | XOM: god gift: 31 gold pieces
  1444 | D:2      | Reached skill level 1 in Invocations
  1518 | D:2      | Reached skill level 1 in Short Blades
  1518 | D:2      | Reached skill level 1 in Long Blades
  1518 | D:2      | Reached skill level 1 in Axes
  1518 | D:2      | Reached skill level 1 in Polearms
  1518 | D:2      | Reached skill level 1 in Staves
  1518 | D:2      | Reached skill level 1 in Slings
  1518 | D:2      | Reached skill level 1 in Bows
  1518 | D:2      | Reached skill level 1 in Crossbows
  1518 | D:2      | Reached skill level 1 in Throwing
  1518 | D:2      | Reached skill level 1 in Stealth
  1518 | D:2      | Reached skill level 1 in Shields
  1518 | D:2      | Reached skill level 1 in Unarmed Combat
  1518 | D:2      | Reached skill level 1 in Spellcasting
  1518 | D:2      | Reached skill level 1 in Evocations
  1521 | D:2      | Reached XP level 4. HP: 32/41 MP: 5/5
  1576 | D:2      | XOM: silly message
  1622 | D:2      | XOM: silly message
  1677 | D:2      | Found a runed translucent door.
  1678 | D:2      | Noticed Crazy Yiuf
  1693 | D:2      | Killed Crazy Yiuf
  1693 | D:2      | Reached skill level 1 in Conjurations
  1693 | D:2      | Reached skill level 1 in Hexes
  1693 | D:2      | Reached skill level 1 in Charms
  1693 | D:2      | Reached skill level 1 in Summonings
  1693 | D:2      | Reached skill level 1 in Necromancy
  1693 | D:2      | Reached skill level 1 in Translocations
  1693 | D:2      | Reached skill level 1 in Transmutations
  1693 | D:2      | Reached skill level 1 in Fire Magic
  1693 | D:2      | Reached skill level 1 in Ice Magic
  1693 | D:2      | Reached skill level 1 in Air Magic
  1693 | D:2      | Reached skill level 1 in Earth Magic
  1693 | D:2      | Reached skill level 1 in Poison Magic
  1795 | D:2      | Noticed Jessica
  1800 | D:2      | Killed Jessica
  1800 | D:2      | Reached XP level 5. HP: 47/47 MP: 6/6
  1867 | D:2      | XOM: divination: detect items
  1913 | D:2      | XOM: divination: detect items
  2095 | D:2      | XOM: divination: magic mapping
  2238 | D:3      | XOM: smoke on damage
  2376 | D:2      | XOM: noise
  2428 | D:3      | XOM: silly message
  2706 | D:3      | Noticed Robin
  2710 | D:3      | Noticed an ogre
  2711 | D:3      | XOM: cast spell 'Summon Mana Viper'
  2766 | D:2      | Killed an ogre
  2766 | D:2      | Reached XP level 6. HP: 31/53 MP: 8/8
  2770 | D:2      | XOM: divination: magic mapping
  2878 | D:3      | Killed Robin
  2879 | D:3      | Reached skill level 5 in Armour
  2960 | D:3      | Found a sparkling altar of Nemelex Xobeh.
  3152 | D:4      | XOM: chaos upgrade
  3353 | D:4      | XOM: divination: detect items
  3473 | D:4      | XOM: silly message
  3478 | D:4      | Reached XP level 7. HP: 46/59 MP: 10/10
  3520 | D:4      | XOM: divination: magic mapping
  3781 | D:4      | Found a sacrificial altar of Ru.
  4033 | D:4      | Found Quffeecvish's Magic Scroll Boutique.
  4038 | D:4      | Bought a scroll of enchant armour for 75 gold pieces
  4038 | D:4      | Bought a scroll of identify for 20 gold pieces
  4038 | D:4      | Bought a scroll of magic mapping for 35 gold pieces
  4038 | D:4      | Bought a scroll of blinking for 75 gold pieces
  4038 | D:4      | Bought a scroll of enchant weapon for 75 gold pieces
  4439 | D:4      | XOM: 4-stop teleportation journey
  4483 | D:4      | XOM: silly message
  4729 | D:4      | XOM: silly message
  4780 | D:4      | XOM: silly message
  4999 | D:5      | Entered Level 5 of the Dungeon
  5031 | D:5      | XOM: potion effect (stabbing)
  5038 | D:5      | XOM: scenery: 1 doors close
  5485 | D:5      | Reached XP level 8. HP: 66/66 MP: 12/12
  5784 | D:5      | Got an ominously black robe
  5795 | D:5      | Identified the +1 robe of Wu Jian's Favour {rF+} (You found
                  | it on level 5 of the Dungeon)
  5805 | D:5      | XOM: god gift: curved runed staff {god gift}
  5997 | D:6      | XOM: cast spell 'Summon Hydra'
  6061 | D:6      | XOM: noise
  6099 | D:6      | XOM: silly message
  6117 | D:6      | XOM: divination: magic mapping
  6370 | D:6      | XOM: noise
  6382 | D:6      | XOM: summons friendly iron imp
  6547 | D:6      | XOM: give mutations
  6547 | D:6      | Gained mutation: You are somewhat resistant to further
                  | mutation. [Xom's grace]
  6547 | D:6      | Gained mutation: You are resistant to hostile enchantments.
                  | (MR+) [Xom's grace]
  6547 | D:6      | Gained mutation: You are partially covered in thin metallic
                  | scales. (AC +2) [Xom's grace]
  6547 | D:6      | Gained mutation: You possess an exceptional clarity of
                  | mind. [Xom's grace]
  6590 | D:6      | XOM is BORED!
  6590 | D:6      | XOM: give mutations
  6590 | D:6      | Gained mutation: You are frail. (-10% HP) [Xom's mischief]
  6590 | D:6      | Lost mutation: You are partially covered in thin metallic
                  | scales. (AC +2) [Xom's mischief]
  6816 | D:6      | XOM: give mutations
  6816 | D:6      | Lost mutation: You are resistant to hostile enchantments.
                  | (MR+) [Xom's mischief]
  6816 | D:6      | Gained mutation: You are partially covered in yellow
                  | scales. (AC +2) [Xom's mischief]
  6816 | D:6      | Gained mutation: Your spells are a little easier to cast,
                  | but a little less powerful. [Xom's mischief]
  6838 | D:6      | XOM: divine lightning
  6936 | D:7      | Noticed Maggie
  6936 | D:7      | XOM: 6-stop teleportation journey
  6976 | D:7      | Noticed a glowing shapeshifter
  6976 | D:7      | a scorpion changed into a glowing shapeshifter
  6976 | D:7      | XOM: polymorph scorpion -> glowing shapeshifter
  6976 | D:7      | a glowing shapeshifter changed into a floating eye
  7004 | D:7      | XOM: 2-stop teleportation journey
  7098 | D:7      | XOM: cloud trail
  7169 | D:7      | Found a staircase to the Ecumenical Temple.
  7169 | D:7      | XOM: 5-stop teleportation journey
  7187 | D:7      | XOM: scenery: create altars
  7191 | D:7      | Killed Maggie
  7191 | D:7      | Reached XP level 9. HP: 52/64 MP: 14/14
  7246 | D:7      | XOM: 3-stop teleportation journey
  7375 | D:7      | XOM: cast spell 'Metabolic Englaciation'
  7439 | D:7      | Noticed a troll
  7447 | D:7      | XOM: enchant monster (good)
  7448 | D:7      | Killed a troll
  7497 | D:7      | XOM: cloud trail
  7566 | D:7      | XOM: god gift: buckler {god gift}
  7596 | D:7      | XOM: god gift: brightly glowing lapis lazuli ring {god
                  | gift}
  7597 | D:7      | Got a brightly glowing lapis lazuli ring {god gift}
  7599 | D:7      | Identified the ring of Elitism {rC- Str+7 Int+6 Slay+3}
                  | (Xom gifted it to you on level 7 of the Dungeon)
  7678 | D:7      | Found a large runed translucent door.
  7679 | D:7      | Found a large runed translucent door.
  7685 | D:7      | Noticed duje's ghost (novice MfGl)
  7822 | D:7      | Killed duje's ghost
  7822 | D:7      | Reached skill level 5 in Dodging
  7900 | D:8      | XOM: give mutation
  7900 | D:8      | Lost mutation: Your spells are a little easier to cast, but
                  | a little less powerful. [Xom's mischief]
  7966 | D:8      | Noticed a two-headed ogre
  7974 | D:8      | Killed a two-headed ogre
  7974 | D:8      | Reached skill level 5 in Invocations
  7974 | D:8      | Reached XP level 10. HP: 72/72 MP: 15/17
  8022 | D:8      | Found Aunaesk's Alliterative Accessories.
  8180 | D:8      | Reached skill level 5 in Short Blades
  8180 | D:8      | Reached skill level 5 in Long Blades
  8180 | D:8      | Reached skill level 5 in Axes
  8180 | D:8      | Reached skill level 5 in Polearms
  8180 | D:8      | Reached skill level 5 in Staves
  8180 | D:8      | Reached skill level 5 in Slings
  8180 | D:8      | Reached skill level 5 in Bows
  8180 | D:8      | Reached skill level 5 in Crossbows
  8180 | D:8      | Reached skill level 5 in Throwing
  8180 | D:8      | Reached skill level 5 in Stealth
  8180 | D:8      | Reached skill level 5 in Shields
  8180 | D:8      | Reached skill level 5 in Unarmed Combat
  8180 | D:8      | Reached skill level 5 in Spellcasting
  8180 | D:8      | Reached skill level 5 in Evocations
  8197 | D:8      | Noticed Grum
  8224 | D:8      | Killed Grum
  8286 | D:8      | XOM: silly message
  8385 | D:8      | XOM: 4-stop teleportation journey
  8659 | D:8      | XOM: silly message
  8671 | D:8      | XOM: polymorph adder -> orc
  8851 | D:8      | XOM: silly message
  9461 | D:9      | XOM: divination: detect items
  9527 | D:9      | XOM: god gift: scroll of teleportation
  9557 | D:9      | Found Itoanwisa's Armour Boutique.
  9557 | D:9      | Found a staircase to the Orcish Mines.
  9562 | D:9      | XOM: chaos upgrade
  9569 | D:9      | XOM: confuse monster(s)
  9569 | D:9      | Reached XP level 11. HP: 73/78 MP: 19/19
  9686 | D:9      | Found Xiamokki's Antique Armour Shop.
  9691 | D:9      | Bought a pair of faintly humming boots for 237 gold pieces
  9696 | D:9      | Identified the cursed +0 pair of boots of Gluttony {Slay+3}
                  | (You bought it in a shop on level 9 of the Dungeon)
  9984 | D:10     | Entered Level 10 of the Dungeon
  9992 | D:10     | XOM: god gift: wand of iceblast (9)
 10027 | D:10     | Noticed a two-headed ogre
 10034 | D:10     | Killed a two-headed ogre
 10056 | D:10     | XOM: summons 11 friendly demons
 10103 | D:10     | Found a staircase to the Lair.
 10138 | D:10     | Reached skill level 5 in Conjurations
 10138 | D:10     | Reached skill level 5 in Hexes
 10138 | D:10     | Reached skill level 5 in Charms
 10138 | D:10     | Reached skill level 5 in Summonings
 10138 | D:10     | Reached skill level 5 in Necromancy
 10138 | D:10     | Reached skill level 5 in Translocations
 10138 | D:10     | Reached skill level 5 in Transmutations
 10138 | D:10     | Reached skill level 5 in Fire Magic
 10138 | D:10     | Reached skill level 5 in Ice Magic
 10138 | D:10     | Reached skill level 5 in Air Magic
 10138 | D:10     | Reached skill level 5 in Earth Magic
 10138 | D:10     | Reached skill level 5 in Poison Magic
 10211 | D:10     | Killed an unseen horror
 10764 | D:10     | XOM: 8-stop teleportation journey
 10926 | D:11     | Noticed a cyclops
 10936 | D:11     | Killed a cyclops
 11130 | D:11     | XOM: 2-stop teleportation journey
 11235 | D:11     | XOM: god gift: wand of clouds (8)
 11292 | D:11     | Found a sacrificial altar of Ru.
 11660 | D:12     | Noticed a skeletal warrior
 11660 | D:12     | Noticed a skeletal warrior
 11661 | D:12     | Noticed a skeletal warrior
 11661 | D:12     | Noticed a skeletal warrior
 11661 | D:12     | XOM: summons friendly crimson imp
 11675 | D:12     | XOM: fog
 11687 | D:12     | XOM: enchant monster (bad)
 11690 | D:12     | XOM: blink monster(s)
 11703 | D:12     | XOM: 2-stop teleportation journey
 11714 | D:12     | XOM: summons 8 friendly demons
 11724 | D:12     | Killed a skeletal warrior
 11930 | D:11     | XOM: cloud trail
 11996 | D:12     | Killed a skeletal warrior
 12000 | D:12     | XOM: scenery: 1 doors open, 1 doors close
 12015 | D:12     | Killed a skeletal warrior
 12032 | D:11     | XOM: noise
 12046 | D:11     | XOM: summons 5 friendly demons
 12071 | D:11     | XOM: god gift: ration
 12087 | D:11     | XOM: enchant monster (good)
 12089 | D:11     | XOM: silly message
 12361 | D:11     | XOM: noise
 12454 | D:11     | Killed a skeletal warrior
 12454 | D:11     | Reached XP level 12. HP: 60/86 MP: 22/22
 12539 | D:12     | XOM: fog
 12566 | D:12     | XOM: cloud trail
 12598 | D:12     | XOM: enchant monster (good)
 12725 | D:12     | Found a runed translucent door.
 12725 | D:12     | Identified the +6 spear "Testudineslayer" {freeze, rF-
                  | Dex+9}
 12725 | D:12     | Noticed a spriggan rider
 12730 | D:12     | Noticed Bapho's ghost (journeyman DrBe)
 12731 | D:12     | Noticed a spriggan rider
 12838 | D:12     | XOM: fog
 13163 | D:12     | XOM: polymorph quasit -> crimson imp
 13472 | D:13     | Found Tixuv's Book Boutique.
 13478 | D:13     | Noticed a two-headed ogre
 13487 | D:13     | Killed a two-headed ogre
 13497 | D:13     | XOM: scenery: create altars
 13501 | D:13     | XOM: god gift: battleaxe {god gift}
 13511 | D:13     | XOM: 1-stop teleportation journey
 13540 | D:13     | XOM: enchant monster (good)
 13591 | D:13     | Found Unniv's Assorted Antiques.
 13846 | D:13     | XOM: cast spell 'Chain of Chaos'
 13881 | D:13     | Found a viscous altar of Jiyva.
 14035 | D:13     | XOM: fog
 14054 | D:13     | Reached skill level 10 in Fighting
 14054 | D:13     | Reached skill level 10 in Maces & Flails
 14064 | D:13     | Found Apurgh's Antique Weapon Boutique.
 14065 | D:13     | XOM: divination: detect items
 14070 | D:13     | XOM: silly message
 14102 | D:13     | XOM: potion effect (haste)
 14105 | D:13     | XOM: silly message
 14122 | D:13     | Bought an ichor-stained long sword for 263 gold pieces
 14122 | D:13     | Identified the +8 long sword of Neelu {flame, Int+4} (You
                  | bought it in a shop on level 13 of the Dungeon)
 14207 | D:13     | Found a gate to the Vaults.
 14253 | D:13     | XOM: divination: magic mapping
 14357 | D:13     | XOM: divination: detect items
 14410 | D:13     | XOM: cleaving
 14544 | D:13     | XOM: give mutations
 14544 | D:13     | Lost mutation: You are somewhat resistant to further
                  | mutation. [Xom's mischief]
 14544 | D:13     | Gained mutation: You occasionally shout uncontrollably at
                  | your foes. [Xom's mischief]
 14544 | D:13     | Gained mutation: You are resistant to hostile enchantments.
                  | (MR+) [Xom's mischief]
 14737 | Orc:1    | Entered Level 1 of the Orcish Mines
 14737 | Orc:1    | Found Quaps's Food Emporium.
 14737 | Orc:1    | Noticed Nergalle
 14740 | Orc:1    | Reached XP level 13. HP: 92/92 MP: 24/24
 14748 | Orc:1    | Killed Nergalle
 14787 | Orc:1    | Noticed an ettin
 14798 | Orc:1    | Slain by an ettin

Illustrated notes

Levels and vault maps discovered:
D:1:      matt_arrival_spirals, layout_loops_ring, minivault_5,
          patterned_corridor
D:2:      layout_loops_ring, chequers_arboretum, minmay_misc_feat_plants,
          uniq_crazy_yiuf_cottage, uniq_jessica
D:3:      layout_rooms, first_ration, nemelex_altar_shiori, uniq_robin
D:4:      layout_layer_cave, lemuel_round_altar, serial_shops,
          nicolae_shop_statue_plus, mrwooster_statue_mirror,
          minmay_fractal_squares_gapless_5
D:5:      layout_basic
D:6:      wad_crossroads, layout_loops_ring
D:7:      layout_gridville, minmay_temple_entry_mist,
          ebering_ghost_disaster_area, uniq_maggie
D:8:      layout_gridville, grunt_ogre_cave, nicolae_alphabet_shops,
          small_statue_intersection, uniq_grum
D:9:      layout_stronghold, orc_david_3, serial_shops, shop
D:10:     layout_small_grid, lair_entry_dummy
D:11:     layout_roguey, nicolae_ru_path_of_blood
D:12:     layout_gridville, ebering_ghost_funeral_grove, eino_curves_03
D:13:     layout_loops_cross, david_vaults_4, serial_shops,
          nicolae_shop_behind_doors, shop, nicolae_shop_overgrown_old_shop,
          minmay_crystal_water, jiyva_altar_1
Orc:1:    layout_diamond_mine, serial_shops, shop,
          nicolae_shop_temple_entry_statues_fountains, shop, shop,
          kennysheep_orc_chapel, uniq_nergalle

Skill      XL: |  1  2  3  4  5  6  7  8  9 10 11 12 |
---------------+-------------------------------------+-----
Invocations    | 1 2 3 4 5 6 7 8 |  8.5
Short Blades   | 1 2 3 4 5 6 7 |  7.8
Long Blades    | 1 2 3 4 5 6 7 |  7.8
Axes           | 1 2 3 4 5 6 7 |  7.8
Polearms       | 1 2 3 4 5 6 7 |  7.8
Staves         | 1 2 3 4 5 6 7 |  7.8
Slings         | 1 2 3 4 5 6 7 |  7.8
Bows           | 1 2 3 4 5 6 7 |  7.8
Crossbows      | 1 2 3 4 5 6 7 |  7.8
Throwing       | 1 2 3 4 5 6 7 |  7.8
Stealth        | 1 2 3 4 5 6 7 |  7.8
Shields        | 1 2 3 4 5 6 7 |  7.8
Unarmed Combat | 1 2 3 4 5 6 7 |  7.8
Spellcasting   | 1 2 3 4 5 6 7 |  7.8
Evocations     | 1 2 3 4 5 6 7 |  7.8
Conjurations   | 1 2 3 4 5 6 |  6.4
Hexes          | 1 2 3 4 5 6 |  6.4
Charms         | 1 2 3 4 5 6 |  6.4
Summonings     | 1 2 3 4 5 6 |  6.4
Necromancy     | 1 2 3 4 5 6 |  6.4
Translocations | 1 2 3 4 5 6 |  6.4
Transmutations | 1 2 3 4 5 6 |  6.4
Fire Magic     | 1 2 3 4 5 6 |  6.4
Ice Magic      | 1 2 3 4 5 6 |  6.4
Air Magic      | 1 2 3 4 5 6 |  6.4
Earth Magic    | 1 2 3 4 5 6 |  6.4
Poison Magic   | 1 2 3 4 5 6 |  6.4
Dodging        | 3 4 5 6 7 8 |  8.2
Armour         | 5 6 7 8 9 |  9.1
Fighting       | 7 8 9 10 | 10.1
Maces & Flails | 7 8 9 10 | 10.1

Action                   |  1- 3 |  4- 6 |  7- 9 | 10-12 | 13-15 || total
-------------------------+-------+-------+-------+-------+-------++-------
Melee: Mace              |    65 |    11 |       |       |       ||    76
       Bite              |     5 |    18 |    34 |   138 |     7 ||   202
       Hand axe          |    20 |       |       |       |       ||    20
       Quarterstaff      |       |   141 |    16 |       |       ||   157
       Rapier            |       |       |   186 |   616 |       ||   802
       Long sword        |       |       |       |    26 |    24 ||    50
  Use: Scroll            |       |    10 |     8 |    13 |       ||    31
       Potion            |       |     2 |     7 |     6 |     1 ||    16
 Stab: Sleeping          |     4 |     1 |     8 |    19 |       ||    32
       Paralysed         |       |       |     1 |     1 |       ||     2
       Distracted        |       |       |       |     4 |       ||     4
       Confused          |       |       |       |     1 |       ||     1
  Eat: Ration            |     1 |     1 |     3 |     6 |       ||    11
       Chunk             |       |     3 |     5 |     4 |       ||    12
Armor: Leather armour    |    34 |    87 |    27 |       |       ||   148
       Swamp dragon scal |       |       |    12 |   145 |     4 ||   161
Dodge: Dodged            |    57 |   177 |    60 |   205 |    14 ||   513
Block: Kite shield       |     4 |     3 |    86 |   554 |    36 ||   683
       Reflection        |       |       |       |    21 |     3 ||    24
       Rpst.: Long sword |       |       |       |     1 |     7 ||     8

Table legend:
 A = Non-vault XP
 B = Vault XP
 C = Vault XP percentage of total XP
 D = Non-vault monster count
 E = Vault monster count
 F = Vault count percentage of total count
                 A         B        C        D         E       F
            +---------+---------+-------+---------+---------+-------
      Total |   28171 |    5381 |  16.0 |     337 |      42 |  11.1
            +---------+---------+-------+---------+---------+-------
        D:1 |      48 |       0 |   0.0 |      22 |       0 |   0.0
        D:2 |     231 |      82 |  26.2 |      38 |       5 |  11.6
        D:3 |      58 |      30 |  34.1 |      21 |      10 |  32.3
        D:4 |     359 |      13 |   3.5 |      10 |       1 |   9.1
        D:5 |     496 |       0 |   0.0 |      11 |       0 |   0.0
        D:6 |     498 |      84 |  14.4 |      14 |       4 |  22.2
        D:7 |     876 |    1208 |  58.0 |      21 |       2 |   8.7
        D:8 |    2134 |     772 |  26.6 |      19 |       6 |  24.0
        D:9 |    2580 |     389 |  13.1 |      36 |       7 |  16.3
       D:10 |    3017 |       0 |   0.0 |      30 |       0 |   0.0
       D:11 |    3340 |       0 |   0.0 |      28 |       0 |   0.0
       D:12 |    5981 |       0 |   0.0 |      38 |       0 |   0.0
       D:13 |    7545 |    1999 |  20.9 |      38 |       6 |  13.6
      Orc:1 |    1008 |     804 |  44.4 |      11 |       1 |   8.3
            +---------+---------+-------+---------+---------+-------
